 Dungeon Crawl Stone Soup version 0.24.1-14-gf8d2b509d9 (webtiles) character file.

Game seed: 10436200096342423682, levelgen mode: deterministic

109 Hugehornet the Cudgeler (level 4, 0/28 HPs)
             Began as a Gargoyle Fighter on May 18, 2020.
             Slain by Grinder (3 damage)
             ... while paralysed by Grinder
             ... on level 3 of the Dungeon.
             The game lasted 00:02:26 (2056 turns).

Hugehornet the Cudgeler (Gargoyle Fighter)          Turns: 2056, Time: 00:02:26

Health: 0/28       AC: 10    Str: 20    XL:     4   Next: 89%
Magic:  4/4        EV:  2    Int:  9    God:
Gold:   110        SH:  0    Dex:  9    Spells: 3/3 levels left

rFire    . . .     SeeInvis .   a - +0 flail
rCold    . . .     Gourm    .   c - +0 shield
rNeg     + . .     Faith    .   b - +0 scale mail
rPois    ∞         Spirit   .   (no helmet)
rElec    +         Reflect  .   (no cloak)
rCorr    .         Harm     .   (no gloves)
MR       .....                  (no boots)
Stlth    ..........             (no amulet)
HPRegen  0.09/turn              (no ring)
MPRegen  0.09/turn              (no ring)

@: paralysed
A: negative energy resistance 1, electricity resistance, unbreathing,
petrification resistance, rot immunity, AC +3
a: no special abilities


You were on level 3 of the Dungeon.
You were not hungry.

You visited 1 branch of the dungeon, and saw 3 of its levels.

You collected 110 gold pieces.

Inventory:

Hand Weapons
 a - a +0 flail (weapon)
Armour
 b - a +0 scale mail (worn)
 c - a +0 shield (worn)
Scrolls
 i - 4 scrolls of enchant armour {unknown}
 j - a scroll of random uselessness {unknown}
 k - a scroll of remove curse {unknown}
 l - 2 scrolls of identify {unknown}
 m - 3 scrolls of teleportation {unknown}
 o - a scroll of blinking {unknown}
Potions
 d - a potion of might
 e - 2 potions of brilliance {unknown}
 g - a potion of degeneration {unknown}
 h - a potion of curing {unknown}
 n - a potion of heal wounds {unknown}
 q - a potion of agility {unknown}
Comestibles
 f - 3 rations


   Skills:
 - Level 3.2 Fighting
 + Level 4.9 Maces & Flails
 - Level 3.2 Armour
 - Level 3.2 Shields


You had 3 spell levels left.
You didn't know any spells.
Your spell library was empty.

Dungeon Overview and Level Annotations

Branches:
Dungeon (3/15)

Altars:
Cheibriados
Trog

Annotations:
D:3 Grinder


Innate Abilities, Weirdness & Mutations

You are resistant to torment.
Your stone body is resilient. (AC +3)
You are immune to poison.
You resist negative energy. (rN+)
You are resistant to electric shocks. (rElec)
You can survive without breathing.
You are immune to petrification.
You are immune to rotting.


Message History

Grinder hits you but does no damage.
Your shield and scale mail prevent you from hitting Grinder.
Grinder is heavily wounded.
Grinder hits you but does no damage.
Your shield prevents you from hitting Grinder.
Grinder is heavily wounded.
Grinder hits you but does no damage.
You barely miss Grinder.
Grinder is heavily wounded.
Grinder hits you.
You writhe in agony.
* * * LOW HITPOINT WARNING * * *
You hit Grinder but do no damage.
Grinder is heavily wounded.
Grinder gestures at you.
You suddenly lose the ability to move!
Grinder hits you.
* * * LOW HITPOINT WARNING * * *
You writhe in agony.
* * * LOW HITPOINT WARNING * * *
Grinder hits you.
You die...

#..>...#
#.##...##.#
#.........#
#.###.###.#
#...<.....###
#.###.......#
#.....#.##
###........+
.......@#.##
.##....5#.#
........#.#
.##......§#
##.##.### ..
..# ##. ###


You could see Grinder.

Vanquished Creatures
  An orc wizard (D:2)
  An adder (D:2)
  A worm (D:2)
  A dart slug (D:1)
  2 leopard geckos (D:1)
  4 orcs (D:2)
  11 bats
  5 goblins
  7 hobgoblins
  7 jackals
  6 kobolds
  A quokka (D:2)
  3 ball pythons
  3 frilled lizards
  5 rats
58 creatures vanquished.

Notes
Turn   | Place    | Note
-------+----------+-------------------------------------------
     0 | D:1      | Hugehornet the Gargoyle Fighter began the quest for the
                  | Orb.
     0 | D:1      | Reached XP level 1. HP: 14/14 MP: 1/1
   181 | D:1      | Reached XP level 2. HP: 19/19 MP: 2/2
   311 | D:1      | Reached skill level 3 in Maces & Flails
   774 | D:1      | Reached XP level 3. HP: 23/23 MP: 3/3
  1152 | D:2      | Reached skill level 4 in Maces & Flails
  1168 | D:2      | Reached XP level 4. HP: 26/28 MP: 4/4
  1337 | D:2      | Found a snail-covered altar of Cheibriados.
  1774 | D:2      | Found a bloodstained altar of Trog.
  2034 | D:3      | Noticed Grinder
  2044 | D:3      | Paralysed by Grinder for 3 turns
  2055 | D:3      | Paralysed by Grinder for 7 turns
  2056 | D:3      | Slain by Grinder

Levels and vault maps discovered:
D:1:      lightli_arrival_windingriver, layout_basic, serial_rivers,
          chequers_serial_rivers_micro_e, chequers_serial_rivers_small_b,
          chequers_serial_rivers_micro_c, chequers_serial_rivers_micro_e,
          hex_medium, interstate_on_off, st_stairs_7, chequers_mini_garden
D:2:      layout_rooms, marbit_many_paths, chequers_serial_rivers_large_a,
          cheibriados_altar_1
D:3:      layout_loops_corners, chequers_ecumenical_altar_simple, uniq_grinder,
          uniq_purgy

Skill      XL: |  1  2  3 |
---------------+----------+-----
Maces & Flails | 3 4 |  4.9
Fighting       | |  3.2
Armour         | |  3.2
Shields        | |  3.2

Action                   |  1- 3 |  4- 6 || total
-------------------------+-------+-------++-------
Melee: Flail             |   168 |    77 ||   245
  Eat: Chunk             |     1 |     3 ||     4
Armor: Scale mail        |   156 |    72 ||   228
Dodge: Dodged            |    76 |    25 ||   101
Block: Shield            |   106 |    63 ||   169
